 Dungeon Crawl Stone Soup version 0.25-a0-253-g6f1b5d974a (webtiles) character file.

Game seed: 558117099657831071, levelgen mode: deterministic

72 Gargoyl the Skirmisher (level 4, 0/38 HPs)
             Began as a Centaur Abyssal Knight on Dec 5, 2019.
             Was a Follower of Lugonu.
             Succumbed to an adder's poison
             ... on level 2 of the Dungeon.
             The game lasted 00:02:25 (1906 turns).

Gargoyl the Skirmisher (Centaur Abyssal Knight)     Turns: 1906, Time: 00:02:26

Health: 0/38       AC:  4    Str: 14    XL:     4   Next: 7%
Magic:  5/5        EV: 14    Int: 11    God:    Lugonu [*.....]
Gold:   150        SH:  0    Dex: 15    Spells: 3/3 levels left

rFire    . . .     SeeInvis .   a - +1 hand axe
rCold    . . .     Gourm    .   (no shield)
rNeg     . . .     Faith    .   b - +0 leather armour
rPois    .         Spirit   .   (no helmet)
rElec    .         Reflect  .   (no cloak)
rCorr    .         Harm     .   (no gloves)
MR       .....                  (no barding)
Stlth    ++........             (no amulet)
HPRegen  0.12/turn              (no ring)
MPRegen  0.09/turn              (no ring)

@: agile, lethally poisoned (0 -> -1), very quick
A: large, hooves 3, deformed body, speed 2, tough skin 3
a: Depart the Abyss, Renounce Religion


You were on level 2 of the Dungeon.
You worshipped Lugonu.
Lugonu was aware of your devotion.
You were not hungry.

You visited 1 branch of the dungeon, and saw 2 of its levels.
You visited the Abyss 1 time.

You collected 150 gold pieces.

Inventory:

Hand Weapons
 a - a +1 hand axe (weapon)
 e - the +2 hand crossbow "Giantslayer" {elec, rF+ MP+9 Int-5, unknown}
   (You found it on level 2 of the Abyss)

   It charges the ammunition it shoots with electricity; occasionally upon a
   hit, such missiles may discharge and cause terrible harm.
   It affects your intelligence (-5).
   It protects you from fire.
   It affects your magic capacity (+9).
Armour
 b - a +0 leather armour (worn)
Jewellery
 h - an uncursed amulet of regeneration {unknown}
Wands
 d - a wand of polymorph (5)
Scrolls
 f - a scroll of enchant armour {unknown}
 i - a scroll of identify {unknown}
 j - a scroll of amnesia {unknown}
 k - a scroll of enchant weapon {unknown}
 l - a scroll of magic mapping {unknown}
Comestibles
 c - 2 rations
 g - 2 chunks of flesh


   Skills:
 + Level 3.5 Fighting
 + Level 2.2 Axes
 * Level 2.1 Armour
 * Level 1.3 Dodging
 * Level 2.4 Invocations


You had 3 spell levels left.
You didn't know any spells.
Your spell library was empty.

Dungeon Overview and Level Annotations

Branches:
Dungeon (2/15)

Altars:


Innate Abilities, Weirdness & Mutations

You have hooves in place of feet.
Armour fits poorly on your strangely shaped body.
You cover ground very quickly.
You have extremely tough skin. (AC +3)


Message History

You feel sick.
* * * LOW HITPOINT WARNING * * *
You feel sick.
Found a ration.
* * * LOW HITPOINT WARNING * * *
You feel sick.
* * * LOW HITPOINT WARNING * * *
You feel sick.
* * * LOW HITPOINT WARNING * * *
You feel sick.
A quokka comes into view.
* * * LOW HITPOINT WARNING * * *
You feel sick.
A worm comes into view.
* * * LOW HITPOINT WARNING * * *
You feel sick.
Unknown command.
* * * LOW HITPOINT WARNING * * *
You feel sick.
You die...

.≈.≈.≈≈ .....#.#.##..# ...#
#.....[.........#
##...............# ########...#
#.........## #.....##...#
#..)...†.### #.....##...#
#####.#..... #.....##...#
#.#...##
#########.....##...#######.....#
.w..............@..............#
#########.....##...########.#..#
#%....###### #.#..# #######
....# #.. # .. ...


There were no monsters in sight!

Vanquished Creatures
  Jessica (D:2)
  An adder (D:2)
  A worm (D:1)
  2 leopard geckos
  A giant cockroach (D:1)
  4 goblins
  2 hobgoblins (D:1)
  3 jackals
  A bat (D:1)
  5 frilled lizards
  7 kobolds
  7 rats
35 creatures vanquished.

Notes
Turn   | Place    | Note
-------+----------+-------------------------------------------
     0 | Abyss:1  | Gargoyl the Centaur Abyssal Knight began the quest for the
                  | Orb.
     0 | Abyss:1  | Reached XP level 1. HP: 19/19 MP: 2/2
    47 | Abyss:2  | Noticed an ancient zyme
    48 | Abyss:2  | Got an iridescent hand crossbow
    74 | Abyss:2  | Noticed a rust devil
    86 | Abyss:2  | Noticed a ynoxinul
    90 | Abyss:2  | Noticed an insubstantial wisp
    90 | Abyss:2  | Noticed an insubstantial wisp
    90 | Abyss:2  | Noticed an insubstantial wisp
    91 | Abyss:2  | Noticed an insubstantial wisp
   120 | Abyss:2  | Noticed a wretched star
   123 | D:1      | Escaped the Abyss
   150 | D:1      | Reached * piety under Lugonu
   366 | D:1      | Reached XP level 2. HP: 23/26 MP: 3/3
  1367 | D:2      | Found a faded altar of an unknown god.
  1378 | D:1      | Reached skill level 1 in Dodging
  1389 | D:1      | Reached XP level 3. HP: 11/31 MP: 4/4
  1642 | D:2      | Noticed Jessica
  1650 | D:2      | Killed Jessica
  1859 | D:2      | Reached XP level 4. HP: 14/38 MP: 5/5
  1895 | D:2      | HP: 1/38 [poisoned by an adder]
  1901 | D:2      | HP: 1/38 [poisoned by an adder]
  1906 | D:2      | Succumbed to an adder's poison

Levels and vault maps discovered:
D:1:      tarquinn_simple_flora_water_d, layout_basic, corexii_hall_statues_x
D:2:      layout_basic, chequers_ecumenical_altar_island, minmay_tromino_v2,
          uniq_natasha, uniq_jessica

Skill      XL: |  1  2  3 |
---------------+----------+-----
Axes           | 2 |  2.2
Dodging        | 1 |  1.3
Armour         | 2 |  2.1
Fighting       | |  3.5
Invocations    | |  2.4

Action                   |  1- 3 |  4- 6 || total
-------------------------+-------+-------++-------
Melee: Hand axe          |    90 |       ||    90
       Kick              |     8 |       ||     8
Invok: Depart the Abyss  |     1 |       ||     1
  Use: Scroll            |     2 |       ||     2
       Potion            |     1 |     1 ||     2
  Eat: Chunk             |     2 |       ||     2
Armor: Leather armour    |    30 |       ||    30
       Skin              |     8 |       ||     8
Dodge: Dodged            |    45 |       ||    45

Table legend:
 A = Non-vault XP
 B = Vault XP
 C = Vault XP percentage of total XP
 D = Non-vault monster count
 E = Vault monster count
 F = Vault count percentage of total count
                 A         B        C        D         E       F
            +---------+---------+-------+---------+---------+-------
      Total |      67 |      37 |  35.6 |      34 |       1 |   2.9
            +---------+---------+-------+---------+---------+-------
        D:1 |      43 |       0 |   0.0 |      26 |       0 |   0.0
        D:2 |      24 |      37 |  60.7 |       8 |       1 |  11.1
            +---------+---------+-------+---------+---------+-------
